 Dungeon Crawl Stone Soup version 0.30-a0-986-g7f2e898f52 (webtiles) character file.

Game seed: 7991840779586197847

245 Sedotto the Chiller (level 6, -4/1 (41) HPs)
             Began as a Merfolk Ice Elementalist on Apr 2, 2023.
             Was an Initiate of Vehumet.
             Slain by Crazy Yiuf
             ... wielding a +2 quarterstaff of chaos
              (5 damage)
             ... on level 3 of the Dungeon.
             The game lasted 00:19:09 (2595 turns).

Sedotto the Chiller (Merfolk Ice Elementalist)      Turns: 2595, Time: 00:19:09

HP:   -4/1 (41)     AC:  3    Str:  9    XL:     6   Next: 10%
MP:   10/11         EV: 13    Int: 16    God:    Vehumet [......]
Gold: 165           SH:  0    Dex: 14    Spells: 9/12 levels left

rFire   . . .      SeeInvis .    f - +0 dagger
rCold   . . .      Faith    .    (no shield)
rNeg    . . .      Spirit   .    a - +0 robe
rPois   .          Reflect  .    (no helmet)
rElec   .          Rampage  .    r - +0 cloak
rCorr   .                        (no gloves)
Will    .....                    (no boots)
Stlth   ++                       (no amulet)
HPRegen 0.20/turn                (no ring)
MPRegen 0.12/turn                (no ring)

@: extremely drained
A: (nimble swimmer 2), mertail
a: Renounce Religion


You were on level 3 of the Dungeon.
You worshipped Vehumet.
Vehumet was noncommittal.
You visited 1 branch of the dungeon, and saw 3 of its levels.

You collected 165 gold pieces.

Inventory:

Hand Weapons
 f - a +0 dagger (weapon)
 t - a +0 scythe
Armour
 a - a +0 robe (worn)
 r - a +0 cloak (worn)
 u - a +0 robe
Jewellery
 d - a ring of protection from fire
 h - an amulet of guardian spirit
Wands
 x - a wand of charming (9)
Scrolls
 e - 2 scrolls of identify {unknown}
 g - 2 scrolls of magic mapping {unknown}
 i - a scroll of fear {unknown}
 k - 2 scrolls of noise {unknown}
 n - 2 scrolls of immolation {unknown}
 o - a scroll of blinking {unknown}
 q - 2 scrolls of enchant weapon {unknown}
 v - a scroll of summoning {unknown}
 w - a scroll of teleportation {unknown}
Potions
 b - 2 potions of magic
 c - a potion of brilliance {unknown}
 j - a potion of haste {unknown}
 l - a potion of invisibility {unknown}
 p - a potion of curing {unknown}
 s - a potion of mutation {unknown}


   Skills:
 + Level 3.5 Dodging
 + Level 2.4 Stealth
 + Level 3.9 Spellcasting
 + Level 0.2 Conjurations
 + Level 0.2 Necromancy
 + Level 6.0 Ice Magic


You had 9 spell levels left.
You knew the following spells:

 Your Spells              Type           Power      Damage    Failure   Level
a - Freeze                Ice            88%        1d9       1%          1
b - Summon Small Mammal   Summ           12%        N/A       17%         1
c - Kiss of Death         Conj/Necr      16%        2d6       16%         1

Your spell library contained the following spells:

 Spells                   Type           Power      Damage    Failure   Level
 Frozen Ramparts          Ice            44%        1d7       4%          3
 Ozocubu's Armour         Ice            22%        N/A       4%          3
 Hailstorm                Conj/Ice       13%        3d5       14%         3
 Necrotise                Necr           16%        1d4       16%         1
 Shock                    Conj/Air       12%        1d3       16%         1
 Apportation              Tloc           6%         N/A       17%         1
 Sting                    Tmut/Pois      12%        1d3       17%         1
 Momentum Strike          Conj/Tloc      6%         3d8       24%         2
 Blink                    Tloc           6%         N/A       26%         2
 Lesser Beckoning         Tloc           6%         N/A       26%         2
 Poisonous Vapours        Pois/Air       6%         N/A       26%         2
 Summon Ice Beast         Ice/Summ       12%        N/A       43%         4
 Confusing Touch          Hex            3%         N/A       45%         3
 Swiftness                Air            3%         N/A       45%         3
 Dispel Undead            Necr           4%         3d7       83%         4
 Airstrike                Air            1%         2d(1-17)  86%         4
 Olgreb's Toxic Radiance  Pois           3%         N/A       86%         4


Dungeon Overview and Level Annotations

Branches:
Dungeon (3/15)

Altars:
Gozag
Hepliaklqana
Vehumet

Annotations:
D:3 Crazy Yiuf


Innate Abilities, Weirdness & Mutations

((You are very nimble when in or above water. (Stealth+, EV+, Speed+++)))
Your lower body shifts to a powerful aquatic tail in water.


Message History

You offer a prayer to Vehumet.
You offer a prayer to Vehumet.
Found a dagger.
Your legs become a tail as you enter the water.
You now have 165 gold pieces (gained 14).
Found a stone staircase leading down.
You see here a +0 dagger.
You pick up a book of Air and begin reading...
You add the spells Shock, Swiftness and Airstrike to your library.
Found a robe.
A rat comes into view.
Found a stone staircase leading up.
Aiming: Freeze (safe; 1% risk of failure)
Press: ? - help, Q - select action, (/) - cycle Shift-Dir - straight line, f - rat
Aim: a rat (asleep)
You freeze the rat.
The rat is heavily wounded.
The rat closely misses you.
Aiming: Freeze (safe; 1% risk of failure)
Press: ? - help, Q - select action, (/) - cycle Shift-Dir - straight line, f/p - rat
Aim: a rat (heavily wounded)
You freeze the rat!
You kill the rat!
Vehumet accepts your kill.
There is a shaft here.
Found a hammer.
Found a runed translucent door.
Crazy Yiuf shouts!
Crazy Yiuf says, "Action arga King!"
You open the door.
Casting: Freeze (safe; 1% risk of failure)
Confirm with . or Enter, or press ? or * to list all spells.
Aiming: Kiss of Death (safe; 16% risk of failure)
Press: ? - help, Shift-Dir - straight line, f - Crazy Yiuf
Aim: Crazy Yiuf, wielding a +2 quarterstaff of chaos and wearing a +1 cloak of stealth (100% to hit)
The negative energy hits Crazy Yiuf.
Crazy Yiuf is drained!
Crazy Yiuf is lightly wounded.
You feel drained.
Crazy Yiuf hits you with a +2 quarterstaff of chaos.
Ouch! That really hurt!
You die...

.............
#########
..##..###.###
#........ #
#.......# #.#######
#...##### #####
##.## #...# #..)#
##...### ##...#
#...# #......#
#....# ... #....#.#
#....##### #g#
#.#.##.#
###........# ♣♣@♣
#.#.##.#
..........## ♣.♣♣
#.#.##.####
..........# ♣♣.♣
##.#.......#
.........## ♣.♣♣
#<......[..#
##....#### ♣♣.♣♣
##.#.......#
##......... ♣.P.♣♣
#.#........
......##### ♣P.PP♣
#.#.......# #######
#....# ##.#.......#
#....####..........#


You could see Crazy Yiuf (very drained).

Vanquished Creatures
  Sigmund (D:2)
  3 adders
  An orc (D:3)
  8 endoplasms
  A giant cockroach (D:1)
  5 goblins
  10 hobgoblins
  A kobold (D:2)
  3 quokkas
  6 ball pythons
  6 bats
  A frilled lizard (D:1)
  7 rats
53 creatures vanquished.

Vanquished Creatures (others)
  3 plants (D:3)
3 creatures vanquished.

Grand Total: 56 creatures vanquished

Notes
Turn   | Place    | Note
-------+----------+-------------------------------------------
     0 | D:1      | Sedotto the Merfolk Ice Elementalist began the quest for
                  | the Orb.
     0 | D:1      | Reached XP level 1. HP: 13/13 MP: 3/3
   275 | D:1      | Learned a level 1 spell: Summon Small Mammal
   358 | D:1      | Reached XP level 2. HP: 19/19 MP: 1/5
  1446 | D:2      | Reached XP level 3. HP: 24/24 MP: 4/6
  1450 | D:2      | Reached skill level 5 in Ice Magic
  1568 | D:2      | Found an opulent altar of Gozag.
  1835 | D:2      | Learned a level 1 spell: Kiss of Death
  1891 | D:2      | Noticed Sigmund
  1900 | D:2      | Reached XP level 4. HP: 18/18 MP: 3/8
  1903 | D:2      | Killed Sigmund
  1904 | D:2      | Reached skill level 6 in Ice Magic
  1904 | D:2      | Reached XP level 5. HP: 11/35 MP: 0/10
  2141 | D:3      | Reached XP level 6. HP: 25/31 MP: 6/11
  2347 | D:3      | Found a hazy altar of Hepliaklqana.
  2442 | D:3      | Found a radiant altar of Vehumet.
  2479 | D:3      | Became a worshipper of Vehumet
  2590 | D:3      | Found a runed translucent door.
  2591 | D:3      | Noticed Crazy Yiuf
  2595 | D:3      | Slain by Crazy Yiuf

Illustrated notes

Levels and vault maps discovered:
D:1:      dpeg_arrival_water_fire, layout_loops_ring
D:2:      minmay_angry_zag, layout_rooms, basic_altar, minmay_close_crescents,
          uniq_sigmund
D:3:      layout_loops_ring, mainiacjoe_overflow_catwalk,
          nicolae_hepliaklqana_hippocampus, gammafunk_temple_overflow_wave,
          serial_bayou_ford_a, uniq_crazy_yiuf_cottage

Skill      XL: |  1  2  3  4 |
---------------+-------------+-----
Ice Magic      | 5 6 |  6.0
Dodging        | 3 |  3.5
Spellcasting   | 3 |  3.9
Stealth        | |  2.4
Conjurations   | |  0.2
Necromancy     | |  0.2

Action                     |  1- 3 |  4- 6 || total
---------------------------+-------+-------++-------
  Melee: Unarmed           |     7 |       ||     7
         Dagger            |     1 |     1 ||     2
   Cast: Freeze            |    50 |    19 ||    69
         Kiss of Death     |     3 |     8 ||    11
    Use: Potion            |       |     1 ||     1
 Armour: Robe              |    10 |     4 ||    14
  Dodge: Dodged            |    50 |    11 ||    61

Table legend: (Time is in decaauts)
 A = Elapsed time spent in this place.
 B = Non-inter-level travel time spent in this place.
 C = Inter-level travel time spent in this place.
 D = Time resting spent in this place.
 E = Time spent auto-exploring this place.
 F = Levels seen in this place.
 G = Mean time per level.
                   A        B        C        D        E       F      G
               +--------+--------+--------+--------+--------+-----+--------+
         Total |   2584 |   2550 |     34 |    762 |   1173 |   3 |  861.3 |
       Dungeon |   2584 |   2550 |     34 |    762 |   1173 |   3 |  861.3 |
               +--------+--------+--------+--------+--------+-----+--------+

Top non-repeatable levels by time:
     D:1: 1323 daAuts
     D:2: 797 daAuts
     D:3: 464 daAuts
